General information
- name: BNet
- type: Ladder team game (AT/RT)
- host: Battle.net
- saver: OlesnTwinsHPV
map: TranquilPaths
- players: 4
- length: 47:00
- speed: Fast
- version: 1.24 W3XP
- replay type: Public
» download(250 KB)
Players
team 1 (winner)
ILoveToFlip (
purple | 80 APM | 3763 actions | 46:59)
7 Archmage
3 Blizzard
3 Brilliance Aura
1 Mass Teleport
6 Mountain King
3 Storm Bolt
2 Bash
1 Avatar
5 Paladin
3 Holy Light
2 Divine Shield
» actions
| Assign group hotkey | 23 | |
| Basic commands | 65 | |
| Build / train | 152 | |
| ESC pressed | 2 | |
| Enter build submenu | 93 | |
| Enter hero's abilities submenu | 19 | |
| Give item / drop item | 8 | |
| Right click | 1621 | |
| Select / deselect | 902 | |
| Select group hotkey | 485 | |
| Use ability | 392 | |
3763 total
» units
| Peasant | 24 | |
| Dragonhawk Rider | 3 | |
| Sorceress | 2 | |
| Priest | 2 | |
| Goblin Zeppelin | 1 | |
32 total
» upgrades
| Masonry | 3 | |
| Magic Sentry | 1 | |
| Priest Training | 2 | |
| Sorceress Training | 3 | |
| Lumber Harvesting | 2 | |
| Backpack | 1 | |
| Cloud | 1 | |
| Animal War Training | 1 | |
| Armor | 1 | |
15 total
» buildings
| Altar of Kings | 1 | |
| Scout Tower | 148 | |
| Farm | 6 | |
| Lumber Mill | 1 | |
| Arcane Tower | 11 | |
| Guard Tower | 37 | |
| Town Hall | 4 | |
| Keep | 1 | |
| Arcane Vault | 1 | |
| Gryphon Aviary | 2 | |
| Arcane Sanctum | 2 | |
| Castle | 1 | |
| Blacksmith | 1 | |
| Barracks | 1 | |
| Workshop | 2 | |
| Cannon Tower | 17 | |
236 total
» build order
00:05 Altar of Kings
00:20 Scout Tower
00:23 Farm
00:59 Lumber Mill
01:10 Arcane Tower
01:21 Farm
01:35 Scout Tower
02:03 Scout Tower
02:09 Guard Tower
02:09 Guard Tower
02:31 Scout Tower
02:33 Guard Tower
03:19 Guard Tower
03:21 Farm
03:51 Scout Tower
03:56 Scout Tower
03:58 Scout Tower
04:14 Scout Tower
04:15 Scout Tower
04:32 Guard Tower
04:33 Scout Tower
04:35 Scout Tower
04:36 Scout Tower
05:16 Guard Tower
05:39 Town Hall
06:12 Arcane Tower
06:14 Scout Tower
06:15 Scout Tower
06:19 Scout Tower
06:27 Scout Tower
06:57 Arcane Tower
06:58 Arcane Tower
07:11 Guard Tower
07:14 Scout Tower
07:18 Keep
07:23 Arcane Vault
07:26 Scout Tower
07:29 Arcane Tower
07:30 Scout Tower
07:54 Guard Tower
08:07 Guard Tower
08:08 Guard Tower
08:10 Scout Tower
08:39 Scout Tower
08:47 Guard Tower
09:42 Gryphon Aviary
09:44 Gryphon Aviary
09:50 Farm
09:51 Farm
09:53 Farm
10:00 Arcane Sanctum
10:02 Arcane Sanctum
10:05 Guard Tower
10:06 Scout Tower
10:08 Scout Tower
10:45 Guard Tower
10:49 Scout Tower
11:26 Castle
13:00 Guard Tower
13:05 Scout Tower
13:05 Scout Tower
13:07 Scout Tower
13:07 Scout Tower
13:54 Town Hall
14:01 Scout Tower
14:03 Scout Tower
14:05 Scout Tower
14:06 Scout Tower
14:08 Scout Tower
14:09 Scout Tower
14:09 Scout Tower
14:11 Scout Tower
14:12 Scout Tower
14:12 Scout Tower
14:14 Scout Tower
14:15 Scout Tower
14:36 Scout Tower
14:39 Scout Tower
14:42 Scout Tower
14:46 Guard Tower
14:54 Guard Tower
15:18 Arcane Tower
15:21 Guard Tower
15:45 Guard Tower
15:47 Scout Tower
16:08 Arcane Tower
16:10 Guard Tower
16:32 Arcane Tower
17:18 Guard Tower
19:11 Scout Tower
19:12 Scout Tower
19:12 Scout Tower
19:13 Scout Tower
19:13 Scout Tower
19:14 Scout Tower
19:17 Scout Tower
19:19 Scout Tower
19:20 Scout Tower
20:11 Arcane Tower
20:17 Guard Tower
20:19 Blacksmith
20:22 Barracks
21:11 Arcane Tower
21:12 Guard Tower
23:00 Guard Tower
29:48 Scout Tower
29:56 Scout Tower
29:57 Scout Tower
29:58 Scout Tower
29:59 Scout Tower
30:02 Scout Tower
30:03 Scout Tower
30:04 Scout Tower
30:06 Scout Tower
30:06 Scout Tower
30:07 Scout Tower
30:31 Guard Tower
30:45 Guard Tower
30:48 Scout Tower
30:49 Scout Tower
30:49 Scout Tower
30:50 Scout Tower
31:25 Guard Tower
31:30 Scout Tower
31:35 Scout Tower
31:35 Scout Tower
31:36 Scout Tower
31:37 Scout Tower
31:45 Workshop
31:54 Workshop
32:10 Arcane Tower
32:12 Guard Tower
32:26 Town Hall
32:34 Scout Tower
32:35 Scout Tower
32:36 Scout Tower
32:37 Scout Tower
32:38 Scout Tower
32:39 Scout Tower
32:42 Scout Tower
32:43 Scout Tower
32:43 Scout Tower
32:50 Scout Tower
32:51 Scout Tower
32:51 Scout Tower
32:56 Scout Tower
33:00 Scout Tower
33:00 Scout Tower
33:04 Guard Tower
33:06 Cannon Tower
33:26 Cannon Tower
33:27 Cannon Tower
33:55 Scout Tower
33:56 Cannon Tower
34:05 Scout Tower
34:05 Scout Tower
34:09 Guard Tower
34:21 Scout Tower
34:22 Scout Tower
34:23 Scout Tower
34:24 Guard Tower
34:34 Cannon Tower
34:37 Guard Tower
34:40 Scout Tower
35:06 Cannon Tower
35:15 Scout Tower
35:16 Scout Tower
35:17 Scout Tower
35:18 Scout Tower
35:19 Scout Tower
35:20 Scout Tower
36:00 Cannon Tower
36:01 Guard Tower
36:14 Scout Tower
36:16 Scout Tower
36:18 Scout Tower
36:19 Scout Tower
36:20 Guard Tower
36:50 Cannon Tower
38:30 Guard Tower
40:20 Scout Tower
40:22 Scout Tower
40:23 Scout Tower
40:24 Scout Tower
40:25 Scout Tower
40:26 Scout Tower
40:30 Scout Tower
40:31 Scout Tower
40:33 Scout Tower
40:33 Scout Tower
40:34 Scout Tower
41:06 Guard Tower
41:22 Scout Tower
41:22 Scout Tower
41:23 Scout Tower
41:24 Scout Tower
41:24 Scout Tower
41:46 Scout Tower
41:47 Scout Tower
42:08 Cannon Tower
42:26 Cannon Tower
42:29 Scout Tower
42:29 Scout Tower
42:30 Scout Tower
42:38 Scout Tower
42:40 Guard Tower
42:42 Scout Tower
42:48 Guard Tower
42:52 Scout Tower
42:53 Scout Tower
42:54 Scout Tower
42:54 Scout Tower
43:10 Town Hall
43:11 Cannon Tower
43:16 Scout Tower
43:16 Scout Tower
43:17 Scout Tower
43:22 Cannon Tower
43:49 Scout Tower
43:50 Scout Tower
43:51 Scout Tower
43:52 Scout Tower
43:55 Cannon Tower
44:09 Cannon Tower
44:42 Cannon Tower
44:46 Scout Tower
44:47 Scout Tower
44:49 Scout Tower
44:51 Scout Tower
44:53 Scout Tower
45:08 Cannon Tower
46:32 Cannon Tower
46:35 Scout Tower
46:37 Scout Tower
46:37 Scout Tower
46:38 Scout Tower
» items
| Boots of Speed | 3 | |
| Staff of Teleportation | 3 | |
| Healing Salve | 1 | |
| Scroll of Regeneration | 1 | |
| Potion of Lesser Invulnerability | 1 | |
| Staff of Sanctuary | 3 | |
| Orb of Lightning | 3 | |
| Periapt of Vitality | 1 | |
16 total
OlesnTwinsHPV (
orange | 83 APM | 3893 actions | 47:00)
7 Far Seer
3 Feral Spirit
3 Chain Lighting
1 Earth Quake
7 Tauren Chieftain
3 Shockwave
3 Endurance Aura
1 Reincarnation
6 Shadow Hunter
2 Hex
3 Healing Wave
1 Big Bad Voodoo
» actions
| Assign group hotkey | 41 | |
| Basic commands | 54 | |
| Build / train | 82 | |
| ESC pressed | 3 | |
| Enter build submenu | 76 | |
| Enter hero's abilities submenu | 20 | |
| Give item / drop item | 16 | |
| Right click | 2030 | |
| Select / deselect | 653 | |
| Select group hotkey | 553 | |
| Use ability | 361 | |
3893 total
» units
| Peon | 16 | |
| Troll Batrider | 11 | |
| Goblin Zeppelin | 1 | |
| Goblin Shredder | 2 | |
30 total
» upgrades
| Reinforced Defenses | 1 | |
| Liquid Fire | 1 | |
| Ranged Weapons | 1 | |
3 total
» buildings
| Altar of Storms | 1 | |
| Orc Burrow | 4 | |
| Voodoo Lounge | 2 | |
| War Mill | 2 | |
| Watch Tower | 52 | |
| Stronghold | 2 | |
| Fortress | 1 | |
| Beastiary | 2 | |
| Great Hall | 2 | |
68 total
» build order
00:22 Altar of Storms
00:35 Orc Burrow
00:59 Voodoo Lounge
01:13 War Mill
01:53 Orc Burrow
02:46 Watch Tower
03:30 Stronghold
03:33 Watch Tower
03:50 Watch Tower
04:25 War Mill
04:28 Watch Tower
04:34 Watch Tower
05:09 Watch Tower
05:57 Watch Tower
06:09 Fortress
07:15 Watch Tower
07:16 Watch Tower
07:19 Watch Tower
08:06 Beastiary
09:12 Orc Burrow
11:30 Orc Burrow
12:33 Watch Tower
12:44 Watch Tower
12:44 Watch Tower
13:51 Voodoo Lounge
13:54 Watch Tower
13:55 Watch Tower
14:34 Beastiary
15:58 Watch Tower
16:03 Watch Tower
19:44 Watch Tower
19:45 Watch Tower
19:45 Watch Tower
19:48 Great Hall
19:49 Watch Tower
20:52 Watch Tower
20:53 Watch Tower
20:56 Watch Tower
21:00 Watch Tower
21:02 Watch Tower
31:28 Watch Tower
33:03 Watch Tower
33:04 Watch Tower
33:05 Watch Tower
33:07 Watch Tower
33:09 Watch Tower
33:10 Watch Tower
33:58 Watch Tower
34:02 Watch Tower
35:14 Watch Tower
35:16 Watch Tower
35:19 Watch Tower
35:20 Watch Tower
35:35 Watch Tower
36:28 Watch Tower
36:41 Watch Tower
36:52 Watch Tower
39:16 Watch Tower
39:17 Watch Tower
39:19 Watch Tower
39:19 Watch Tower
41:21 Great Hall
41:23 Watch Tower
41:24 Watch Tower
41:26 Watch Tower
43:24 Watch Tower
43:25 Watch Tower
» items
| Healing Salve | 5 | |
| Lesser Clarity Potion | 3 | |
| Boots of Speed | 3 | |
| Circlet of Nobility | 3 | |
| Staff of Teleportation | 3 | |
| Scroll of Speed | 1 | |
| Orb of Lightning | 3 | |
21 total
team 2 (loser)
ASE4Q2 (
blue | 99 APM | 4631 actions | 46:49)
5 Archmage
3 Summon Water Elemental
2 Brilliance Aura
» actions
| Basic commands | 236 | |
| Build / train | 317 | |
| ESC pressed | 11 | |
| Enter build submenu | 79 | |
| Enter hero's abilities submenu | 5 | |
| Give item / drop item | 1 | |
| Remove unit from queue | 3 | |
| Right click | 954 | |
| Select / deselect | 2870 | |
| Use ability | 138 | |
4631 total
» units
| Peasant | 41 | |
| Footman | 13 | |
| Rifleman | 21 | |
| Mortar Team | 30 | |
| Priest | 16 | |
| Flying Machine | 34 | |
155 total
» upgrades
| Masonry | 3 | |
| Gunpowder | 3 | |
| Lumber Harvesting | 2 | |
| Long Rifles | 1 | |
| Armor | 3 | |
| Magic Sentry | 1 | |
| Priest Training | 2 | |
| Swords | 2 | |
| Plating | 2 | |
| Fragmentation Shards | 1 | |
| Flak Cannons | 1 | |
| Flying Machine Bombs | 1 | |
22 total
» buildings
| Farm | 11 | |
| Altar of Kings | 1 | |
| Barracks | 3 | |
| Lumber Mill | 1 | |
| Scout Tower | 52 | |
| Guard Tower | 83 | |
| Arcane Vault | 1 | |
| Arcane Tower | 13 | |
| Keep | 2 | |
| Blacksmith | 1 | |
| Workshop | 2 | |
| Arcane Sanctum | 1 | |
| Town Hall | 4 | |
| Castle | 2 | |
| Cannon Tower | 5 | |
182 total
» build order
00:05 Farm
00:08 Altar of Kings
00:12 Barracks
00:17 Barracks
00:43 Farm
01:15 Lumber Mill
01:53 Scout Tower
02:16 Farm
02:25 Guard Tower
02:26 Guard Tower
02:58 Arcane Vault
03:09 Scout Tower
03:40 Arcane Tower
03:40 Arcane Tower
03:41 Arcane Tower
03:41 Arcane Tower
04:38 Keep
04:38 Keep
04:45 Blacksmith
05:36 Scout Tower
06:20 Barracks
06:44 Scout Tower
07:27 Scout Tower
07:50 Farm
07:57 Guard Tower
08:02 Workshop
08:29 Farm
09:13 Arcane Sanctum
10:52 Farm
11:53 Town Hall
12:10 Scout Tower
12:39 Guard Tower
12:39 Guard Tower
12:41 Scout Tower
12:51 Farm
13:11 Guard Tower
13:14 Scout Tower
13:28 Farm
13:52 Guard Tower
13:52 Guard Tower
13:54 Scout Tower
14:23 Guard Tower
14:23 Guard Tower
14:56 Scout Tower
14:59 Scout Tower
15:05 Scout Tower
15:16 Scout Tower
15:50 Guard Tower
15:52 Guard Tower
15:54 Scout Tower
16:24 Scout Tower
16:30 Guard Tower
16:55 Arcane Tower
16:57 Scout Tower
17:17 Scout Tower
17:43 Guard Tower
17:45 Scout Tower
18:12 Guard Tower
18:14 Castle
18:15 Castle
18:50 Guard Tower
18:50 Guard Tower
19:32 Town Hall
19:57 Farm
20:09 Scout Tower
20:47 Guard Tower
20:48 Guard Tower
20:50 Scout Tower
21:02 Farm
21:22 Guard Tower
21:25 Scout Tower
21:28 Scout Tower
21:33 Town Hall
21:44 Scout Tower
21:55 Arcane Tower
21:55 Arcane Tower
22:04 Scout Tower
22:05 Guard Tower
22:12 Guard Tower
22:48 Guard Tower
23:33 Scout Tower
24:22 Scout Tower
24:45 Scout Tower
24:57 Scout Tower
25:01 Scout Tower
25:33 Guard Tower
25:33 Guard Tower
25:38 Town Hall
25:39 Arcane Tower
25:40 Arcane Tower
25:41 Scout Tower
25:44 Scout Tower
25:49 Guard Tower
25:49 Guard Tower
26:00 Workshop
26:07 Cannon Tower
26:08 Guard Tower
26:31 Guard Tower
26:34 Scout Tower
26:36 Scout Tower
27:45 Guard Tower
27:46 Guard Tower
27:46 Guard Tower
27:46 Guard Tower
28:10 Scout Tower
29:08 Arcane Tower
29:10 Scout Tower
29:13 Scout Tower
29:50 Scout Tower
29:52 Guard Tower
29:52 Guard Tower
29:53 Guard Tower
29:57 Scout Tower
30:02 Guard Tower
30:03 Guard Tower
30:03 Guard Tower
30:27 Guard Tower
30:27 Guard Tower
30:27 Guard Tower
30:30 Guard Tower
30:30 Guard Tower
36:55 Farm
38:40 Scout Tower
39:06 Guard Tower
39:07 Guard Tower
39:08 Scout Tower
39:40 Guard Tower
39:41 Scout Tower
40:10 Scout Tower
40:12 Scout Tower
40:14 Guard Tower
40:14 Guard Tower
40:17 Scout Tower
40:36 Scout Tower
40:39 Guard Tower
40:39 Guard Tower
40:42 Scout Tower
40:43 Guard Tower
40:43 Guard Tower
40:44 Scout Tower
40:45 Guard Tower
40:47 Scout Tower
41:02 Guard Tower
41:04 Scout Tower
41:10 Guard Tower
41:13 Scout Tower
41:14 Guard Tower
41:14 Guard Tower
41:16 Guard Tower
41:16 Guard Tower
41:19 Scout Tower
41:21 Scout Tower
41:31 Cannon Tower
41:49 Cannon Tower
41:49 Cannon Tower
» items
TWEWRFFDDDD (
yellow | 33 APM | 1565 actions | 46:58)
4 Death Knight
2 Death Coil
2 Unholy Aura
1 Lich
1 Frost Nova
» actions
| Assign group hotkey | 36 | |
| Basic commands | 91 | |
| Build / train | 124 | |
| ESC pressed | 12 | |
| Enter build submenu | 33 | |
| Enter hero's abilities submenu | 5 | |
| Right click | 591 | |
| Select / deselect | 507 | |
| Select group hotkey | 66 | |
| Use ability | 100 | |
1565 total
» units
| Acolyte | 26 | |
| Ghoul | 8 | |
| Crypt Fiend | 40 | |
| Necromancer | 10 | |
| Obsidian Statue | 10 | |
| Goblin Zeppelin | 1 | |
| Gargoyle | 1 | |
96 total
» upgrades
| Web | 1 | |
| Creature Carapace | 3 | |
| Destroyer Form | 1 | |
| Creature Attack | 3 | |
8 total
» buildings
| Crypt | 2 | |
| Ziggurat | 19 | |
| Altar of Darkness | 1 | |
| Tomb of Relics | 1 | |
| Nerubian Tower | 1 | |
| Halls of the Dead | 1 | |
| Graveyard | 1 | |
| Spirit Tower | 8 | |
| Sacrificial Pit | 1 | |
| Temple of the Damned | 3 | |
| Slaughterhouse | 1 | |
| Black Citadel | 1 | |
40 total
» build order
00:10 Crypt
00:12 Ziggurat
00:17 Ziggurat
00:37 Altar of Darkness
01:04 Ziggurat
01:38 Tomb of Relics
02:00 Nerubian Tower
02:55 Halls of the Dead
03:05 Graveyard
03:24 Ziggurat
03:33 Ziggurat
04:28 Spirit Tower
04:30 Spirit Tower
05:27 Sacrificial Pit
05:43 Temple of the Damned
06:02 Temple of the Damned
06:05 Temple of the Damned
06:16 Slaughterhouse
08:17 Ziggurat
09:23 Black Citadel
11:53 Ziggurat
12:57 Ziggurat
12:59 Ziggurat
13:02 Ziggurat
14:05 Spirit Tower
14:13 Spirit Tower
15:10 Spirit Tower
24:22 Ziggurat
24:27 Ziggurat
26:58 Crypt
27:03 Spirit Tower
27:21 Spirit Tower
27:23 Spirit Tower
31:32 Ziggurat
31:35 Ziggurat
31:37 Ziggurat
32:08 Ziggurat
39:53 Ziggurat
40:00 Ziggurat
40:20 Ziggurat
» items
| Scroll of Town Portal | 1 | |
| Scroll of Healing | 1 | |
2 total
Chat log
(00:12 / All) ILoveToFlip: sry
(02:05 / Allies) ILoveToFlip: welpppppppp
(11:24 / Allies) OlesnTwinsHPV: morts
(11:41 / Allies) OlesnTwinsHPV: also got jacked dumb
(19:59 / All) OlesnTwinsHPV: GL HF
(27:03 / All) ILoveToFlip: towers are hard to kill
(29:22 / All) ILoveToFlip: im not sure they were a good investment
(38:06 / All) ILoveToFlip: ted
(38:08 / All) ILoveToFlip: is that you?
(38:26 / All) ILoveToFlip: NO RETREAT
(38:37 / All) OlesnTwinsHPV: w0w
(38:41 / All) OlesnTwinsHPV: been awhile
(38:46 / All) OlesnTwinsHPV: since i seen ownage of this magnitude
(38:47 / All) ILoveToFlip: i believe it now
(38:56 / All) ILoveToFlip: such micro
(41:29 / All) ILoveToFlip: i cant allow this